 Dungeon Crawl Stone Soup version 0.29-a0-1027-gcd8c55af63 (webtiles) character file.

Game seed: 13822932610839004168

1824 enile the Firebug (level 9, -12/61 HPs)
             Began as an Octopode Fire Elementalist on Aug 12, 2022.
             Was a Priest of Makhleb.
             Mangled by a yak (15 damage)
             ... on level 5 of the Dungeon on Aug 13, 2022.
             The game lasted 00:11:40 (8290 turns).

enile the Firebug (Octopode Fire Elementalist)      Turns: 8290, Time: 00:11:41

Health: -12/61     AC:  1    Str:  4    XL:     9   Next: 11%
Magic:  20/25      EV: 16    Int: 21    God:    Makhleb [***...]
Gold:   290        SH:  0    Dex: 19    Spells: 11/17 levels left

rFire   . . .      SeeInvis .   k - +2 dagger of Moluc {spect, rN+ MP+9 Str-3}
rCold   . . .      Faith    .   (no shield)
rNeg    + + .      Spirit   .   (helmet restricted)
rPois   +          Reflect  .   (no amulet)
rElec   .          Harm     .   i - ring of positive energy
rCorr   .          Rampage  .   x - ring of poison resistance
Will    .....                   A - ring of wizardry
Stlth   ++++......              z - +6 ring of dexterity
HPRegen 0.20/turn               (no ring)
MPRegen 0.19/turn               (no ring)
                                (no ring)
                                (no ring)

@: no status effects
A: almost no armour, amphibious, 8 rings, camouflage 1, gelatinous body 1,
(nimble swimmer 1), tentacles
a: Renounce Religion, Minor Destruction, Lesser Servant of Makhleb


You were on level 5 of the Dungeon.
You worshipped Makhleb.
Makhleb was most pleased with you.
You visited 1 branch of the dungeon, and saw 6 of its levels.

You collected 290 gold pieces.

Inventory:

Hand Weapons
 h - a +0 dagger
 k - the +2 dagger of Moluc (weapon) {spect, rN+ MP+9 Str-3}
   (You found it on level 2 of the Dungeon)

   When its wielder attacks, the weapon's spirit leaps out and strikes again.
   The spirit shares a part of any damage it takes with its wielder.
   Str:       It affects your strength (-3).
   rN:        It protects you from negative energy.
   MP:        It affects your magic capacity (+9).
Missiles
 n - 2 throwing nets
 t - 7 curare-tipped darts (quivered)
Jewellery
 d - an amulet of faith
 i - a ring of positive energy (left tentacle)
 x - a ring of poison resistance (right tentacle)
 z - a +6 ring of dexterity (on tentacle)
 A - a ring of wizardry (on tentacle)
Wands
 p - a wand of roots (4)
Scrolls
 b - 2 scrolls of noise
 e - 2 scrolls of teleportation
 f - 2 scrolls of fear {unknown}
 g - 2 scrolls of magic mapping {unknown}
 j - a scroll of brand weapon {unknown}
 m - 2 scrolls of poison {unknown}
 u - 4 scrolls of identify {unknown}
 v - a scroll of amnesia {unknown}
 w - 2 scrolls of immolation {unknown}
 y - a scroll of butterflies {unknown}
 D - a scroll of enchant armour {unknown}
 E - a scroll of blinking {unknown}
 F - a scroll of enchant weapon {unknown}
Potions
 a - 3 potions of magic
 c - 4 potions of curing
 l - 2 potions of attraction {unknown}
 o - 2 potions of invisibility {unknown}
 q - a potion of degeneration {unknown}
 r - 3 potions of mutation {unknown}
 s - 3 potions of haste {unknown}
 B - a potion of flight {unknown}
 C - a potion of might {unknown}
 G - 2 potions of heal wounds {unknown}


   Skills:
 - Level 5.0 Fighting
 - Level 4.0 Short Blades
 - Level 5.0 Dodging
 - Level 3.0 Stealth
 + Level 4.8 Spellcasting
 - Level 1.0 Conjurations
 - Level 5.0 Fire Magic
 - Level 3.0 Invocations
 - Level 4.0 Evocations


You had 11 spell levels left.
You knew the following spells:

 Your Spells              Type           Power      Damage    Failure   Level
a - Foxfire               Conj/Fire      68%        2x1d7     1%          1
b - Scorch                Fire           52%        2d7       1%          2
c - Inner Flame           Hex/Fire       15%        N/A       4%          3

Your spell library contained the following spells:

 Spells                   Type           Power      Damage    Failure   Level
 Conjure Flame            Conj/Fire      17%        6-21      4%          3
 Static Discharge         Conj/Air       7%         3-4/arc   6%          2
 Call Canine Familiar     Summ           5%         N/A       13%         3
 Portal Projectile        Hex/Tloc       10%        N/A       13%         3
 Summon Guardian Golem    Hex/Summ       5%         N/A       13%         3
 Flame Wave               Conj/Fire      17%        2d7       13%         4
 Anguish                  Hex/Necr       2%         N/A       38%         4
 Leda's Liquefaction      Hex/Erth       2%         N/A       38%         4
 Lightning Bolt           Conj/Air       3%         1d15      65%         5
 Enfeeble                 Hex            2%         N/A       100%        7
 Orb of Destruction       Conj           4%         9d5       100%        7
 Spellforged Servitor     Conj/Summ      3%         N/A       100%        7
 Maxwell's Capacitive Co  Air            2%         ∞         100%        8


Dungeon Overview and Level Annotations

Branches:
Dungeon (6/15)
 Temple: D:4-7

Altars:
Cheibriados
Kikubaaqudgha
Makhleb
Nemelex Xobeh
Ru
The Shining One

Shops:
D:4 =

Annotations:
D:5 exclusion: downstairs


Innate Abilities, Weirdness & Mutations

You cannot wear most types of armour.
You are amphibious.
You can wear up to eight rings at the same time.
Your skin changes colour to match your surroundings (Stealth+).
Your rubbery body absorbs attacks. (AC +1, EV +1)
((You are camouflaged when in or above water. (Stealth+)))
You have tentacles for arms and can constrict up to eight enemies at once.


Message History

You hit the yak.
The yak is moderately wounded.
Your +2 dagger of Moluc {spect, rN+ MP+9 Str-3} barely misses the yak.
Unknown command.
You hit the yak.
The yak is heavily wounded.
Your +2 dagger of Moluc {spect, rN+ MP+9 Str-3} hits the yak!
The yak barely misses you.
You hit the yak.
The yak is severely wounded.
Your +2 dagger of Moluc {spect, rN+ MP+9 Str-3} barely misses the yak.
The yak gores you!
You hit the yak but do no damage. You squeeze the yak.
The yak is severely wounded.
Your +2 dagger of Moluc {spect, rN+ MP+9 Str-3} hits the yak but does no damage.
The yak gores you. The yak attacks as you move away! The yak gores you!
The yak attacks as you move away! The yak gores you!
Your magical contamination has completely faded away.
The yak attacks as you move away! The yak barely misses you.
There is an escape hatch in the ceiling here.
The yak gores you! A mysterious force pulls you upwards.
The hatch slams shut behind you.
Level annotation: exclusion: downstairs You hit the yak.
The yak is almost dead.
The yak gores you.
Casting: Scorch (safe; 1% risk of failure)
Confirm with . or Enter, or press ? or * to list all spells.
Flames lash the yak but do no damage.
The yak closely misses you. The yak gores you!
* * * LOW HITPOINT WARNING * * *
Casting: Scorch (safe; 1% risk of failure)
Confirm with . or Enter, or press ? or * to list all spells.
Flames lash the yak.
The yak is almost dead.
The yak's fire resistance burns away.
The yak gores you!
* * * LOW HITPOINT WARNING * * *
The yak gores you!
You die...

#.##.##.# #.#
.....##.# #.#
#<#####.# #.#
........# #.#
#.......# #.#
#######.# #.#
#.# #.# #.# #.#
#.# #@#
#######.# #Y#
........# #.#
.######## #[#
.#
##.##########.#
.#
#.#...........#
.#
##.############
.# #.# .####.#


You could see a yak (combustible).

Vanquished Creatures
  3 yaks (D:6)
  A sky beast (D:6)
  2 ogres
  A centaur (D:6)
  A bullfrog (D:6)
  2 necrophages
  A gnoll sergeant (D:6)
  A wight (D:6)
  2 hounds
  3 orc priests (D:5)
  3 iron imps (D:4)
  Natasha (thrice) (D:3)
  2 iguanas
  5 orc wizards
  7 gnolls
  9 adders
  A shadow imp (D:5)
  An ufetubus (D:5)
  2 worms (D:2)
  A dart slug (D:3)
  15 orcs
  8 ball pythons
  4 bats
  5 endoplasms
  4 giant cockroaches
  5 goblins
  6 hobgoblins
  2 jackals (D:5)
  2 kobolds
  6 quokkas
  9 frilled lizards
  9 rats
126 creatures vanquished.

Vanquished Creatures (others)
  A sky beast (D:6)
  A phantom (D:6)
  229 foxfires
  22 plants (D:6)
253 creatures vanquished.

Grand Total: 379 creatures vanquished

Notes
Turn   | Place    | Note
-------+----------+-------------------------------------------
     0 | D:1      | enile the Octopode Fire Elementalist began the quest for
                  | the Orb.
     0 | D:1      | Reached XP level 1. HP: 11/11 MP: 3/3
   185 | D:1      | Reached skill level 1 in Fighting
   458 | D:1      | Found a faded altar of an unknown god.
   462 | D:1      | Reached XP level 2. HP: 18/18 MP: 1/5
  1046 | D:1      | Reached XP level 3. HP: 24/24 MP: 4/6
  1349 | D:1      | Prayed at the altar of an unknown god.
  1349 | D:1      | Became a worshipper of Makhleb the Destroyer
  1349 | D:1      | Reached * piety under Makhleb
  1453 | D:2      | Learned a level 2 spell: Scorch
  1538 | D:2      | Identified the +2 dagger of Moluc {spect, rN+ MP+9 Str-3}
  2044 | D:2      | Reached skill level 1 in Short Blades
  2162 | D:3      | Found a sparkling altar of Nemelex Xobeh.
  2175 | D:3      | Reached XP level 4. HP: 29/29 MP: 7/7
  2855 | D:3      | Reached ** piety under Makhleb
  2970 | D:3      | Noticed Natasha
  2975 | D:3      | Killed Natasha
  2976 | D:3      | Reached XP level 5. HP: 27/34 MP: 8/8
  3137 | D:3      | Noticed Natasha
  3149 | D:3      | Killed Natasha
  3631 | D:3      | Noticed an ogre
  3866 | D:3      | Noticed Natasha
  3873 | D:3      | Killed Natasha
  4031 | D:3      | Found a glowing golden altar of the Shining One.
  4082 | D:3      | Killed an ogre
  4083 | D:3      | Reached skill level 5 in Fire Magic
  4083 | D:3      | Reached skill level 1 in Evocations
  4083 | D:3      | Reached XP level 6. HP: 39/39 MP: 9/9
  4467 | D:4      | Found Toxu Bae's Jewellery Shoppe.
  4681 | D:4      | Found a burning altar of Makhleb.
  5044 | D:4      | Learned a level 3 spell: Inner Flame
  5064 | D:4      | Reached XP level 7. HP: 45/45 MP: 10/10
  5695 | D:5      | Entered Level 5 of the Dungeon
  6199 | D:5      | Found a snail-covered altar of Cheibriados.
  6470 | D:5      | Reached *** piety under Makhleb
  6851 | D:6      | Reached XP level 8. HP: 54/54 MP: 12/14
  7300 | D:6      | Noticed a yak
  7300 | D:6      | Noticed a yak
  7301 | D:6      | Noticed a yak
  7306 | D:6      | Noticed a yak
  7309 | D:6      | Killed a yak
  7310 | D:6      | Reached skill level 5 in Fighting
  7311 | D:6      | Noticed a yak
  7317 | D:6      | Noticed a yak
  7317 | D:6      | Killed a yak
  7317 | D:6      | Killed a yak
  7326 | D:6      | Found a sacrificial altar of Ru.
  7601 | D:6      | Reached skill level 5 in Dodging
  7709 | D:5      | Reached skill level 1 in Invocations
  8013 | D:6      | Reached XP level 9. HP: 61/61 MP: 15/15
  8186 | D:6      | Found an ancient bone altar of Kikubaaqudgha.
  8289 | D:5      | HP: 3/61 [yak (7)]
  8290 | D:5      | Mangled by a yak

Illustrated notes

Levels and vault maps discovered:
D:1:      tarquinn_simple_flora_water_d, layout_loops_corners,
          ebering_ecumenical_altar_box
D:2:      layout_rooms
D:3:      layout_basic, nicolae_tso_carved_into_rock, amcnicky_altar_gilded,
          uniq_natasha
D:4:      layout_basic, demons_altar, serial_shops, kennysheep_little_box,
          minmay_unequal
D:5:      layout_loops_ring, mainiacjoe_overflow_alcove_4, st_stairs_14
D:6:      layout_rooms, nicolae_overflow_crystal_walls,
          mainiacjoe_overflow_chevrons, lemuel_temple_firewalk_b,
          minmay_diced_spiral

Skill      XL: |  1  2  3  4  5  6  7  8 |
---------------+-------------------------+-----
Fighting       | 1 2 3 5 |  5.0
Stealth        | 3 |  3.0
Dodging        | 3 5 |  5.0
Short Blades   | 1 2 4 |  4.0
Fire Magic     | 5 |  5.0
Evocations     | 1 4 |  4.0
Spellcasting   | 4 |  4.8
Invocations    | 3 |  3.0
Conjurations   | |  1.0

Action                   |  1- 3 |  4- 6 |  7- 9 || total
-------------------------+-------+-------+-------++-------
Melee: Unarmed           |    11 |       |       ||    11
       Constrict         |     5 |    11 |    11 ||    27
       Tentacles         |     4 |     8 |     8 ||    20
       Dagger            |     5 |    52 |    41 ||    98
       Punch             |     1 |     2 |       ||     3
Throw: Dart              |       |       |     1 ||     1
       Throwing net      |       |       |     1 ||     1
 Cast: Foxfire           |    49 |    34 |    56 ||   139
       Scorch            |    10 |    20 |    32 ||    62
       Inner Flame       |       |       |    17 ||    17
Evoke: Wand              |       |     1 |       ||     1
  Use: Scroll            |       |     1 |     2 ||     3
       Potion            |       |     1 |       ||     1
 Stab: Sleeping          |     2 |     2 |     2 ||     6
       Distracted        |       |     1 |     1 ||     2
Armor: Skin              |     2 |     2 |     1 ||     5
Dodge: Dodged            |    15 |    24 |    52 ||    91

Table legend: (Time is in decaauts)
 A = Elapsed time spent in this place.
 B = Non-inter-level travel time spent in this place.
 C = Inter-level travel time spent in this place.
 D = Time resting spent in this place.
 E = Time spent auto-exploring this place.
 F = Levels seen in this place.
 G = Mean time per level.
                   A        B        C        D        E       F      G
               +--------+--------+--------+--------+--------+-----+--------+
         Total |   8280 |   7875 |    405 |    711 |   6037 |   6 | 1380.0 |
       Dungeon |   8280 |   7875 |    405 |    711 |   6037 |   6 | 1380.0 |
               +--------+--------+--------+--------+--------+-----+--------+

Top non-repeatable levels by time:
     D:3: 1741 daAuts
     D:5: 1496 daAuts
     D:1: 1422 daAuts
     D:2: 1357 daAuts
     D:4: 1253 daAuts
     D:6: 1009 daAuts
